 Dungeon Crawl Stone Soup version 0.27.1-2-g3b301248ec (webtiles) character file.

Game seed: 829203111187573713

0 Descartes the Skirmisher (level 1, 0/12 HPs)
             Began as a Felid Wanderer on Oct 2, 2021.
             Slain by a bat (1 damage)
             ... on level 1 of the Dungeon.
             The game lasted 00:00:27 (60 turns).

Descartes the Skirmisher (Felid Wanderer)             Turns: 60, Time: 00:00:27

Health: 0/12       AC:  1    Str:  8    XL:     1   Next: 0%
Magic:  2/2        EV: 15    Int: 14    God:
Gold:   21         SH:  0    Dex: 14    Spells: 0/0 levels left
                                        Lives:  0   Deaths: 0

rFire    . . .     SeeInvis +   (weapon unavailable)
rCold    . . .     Faith    .   (shield unavailable)
rNeg     . . .     Spirit   .   (armour unavailable)
rPois    .         Reflect  .   (helmet unavailable)
rElec    .         Harm     .   (cloak unavailable)
rCorr    .         Rampage  .   (gloves unavailable)
Will     .....                  (boots unavailable)
Stlth    +.........             (no amulet)
HPRegen  0.04/turn              (no ring)
MPRegen  0.08/turn              (no ring)

@: quick
A: very small, claws 1, fangs 3, see invisible, speed 1, shaggy fur 1, stealthy
paws, no weapons or thrown items, no armour, multi-lived
a: no special abilities


You were on level 1 of the Dungeon.
You visited 1 branch of the dungeon, and saw 1 of its levels.

You collected 21 gold pieces.

Inventory:

Scrolls
 b - a scroll of teleportation
Potions
 a - a potion of curing


   Skills:
 - Level 5.0 Fighting
 + Level 0.0 Dodging
 + Level 0.0 Stealth
 + Level 0.0 Unarmed Combat
 - Level 2.0 Necromancy
 - Level 1.0 Poison Magic
 - Level 2.1 Evocations


You couldn't memorise any spells.
You didn't know any spells.
Your spell library was empty.

Dungeon Overview and Level Annotations

Branches:
Dungeon (1/15)

Altars:


Innate Abilities, Weirdness & Mutations

You have sharp claws.
You have razor-sharp teeth.
You have supernaturally acute eyesight. (SInv)
You cover ground quickly. (Speed+)
You are covered in fur. (AC +1)
Your paws help you pounce on unaware monsters.
You are incapable of wielding weapons or throwing items.
You cannot wear armour.
You gain extra lives every three experience levels.


Message History

The bat closely misses you. The jackal bites you. x2
The bat hits you but does no damage. The frilled lizard misses you.
The bat closely misses you. The jackal bites you. The bat barely misses you.
The bat misses you. The bat closely misses you. The bat misses you. x2
The bat misses you. The bat closely misses you. The bat barely misses you. x2
A hobgoblin comes into view.
Found a stone staircase leading down.
The hobgoblin shouts!
The jackal barely misses you. The jackal bites you.
You closely miss the jackal.
The jackal bites you but does no damage.
You closely miss the jackal. You bite the jackal.
The jackal is heavily wounded.
The jackal bites you but does no damage.
You scratch the jackal but do no damage.
The jackal is heavily wounded.
The jackal completely misses you. The jackal barely misses you.
You barely miss the jackal.
The jackal is heavily wounded.
The jackal completely misses you.
You scratch the jackal but do no damage.
The jackal is heavily wounded.
The jackal completely misses you. The jackal misses you.
You scratch the jackal.
The jackal is severely wounded.
The hobgoblin hits you.
* * * LOW HITPOINT WARNING * * *
The jackal bites you.
* * * LOW HITPOINT WARNING * * *
You scratch the jackal but do no damage.
You bite the jackal.
You kill the jackal!
The bat hits you.
You die...

# .. ... g... .....
## ####...... ..
#@g.......
#.###b#######.#
#...#.#....[#.#
#..hS#.....#.#
#.##.#b##..#.# #
#..#.<#..#.#####
#.g#.b#S.#.....#
#..##.#h##.....####
#....b#.l....g....#


You could see a jackal, 2 hobgoblins, a bat and a ball python.

Vanquished Creatures
  A jackal (D:1)
1 creature vanquished.

Notes
Turn   | Place    | Note
-------+----------+-------------------------------------------
     0 | D:1      | Descartes the Felid Wanderer began the quest for the Orb.
     0 | D:1      | Descartes set off with the following items: a potion of
                  | curing, a scroll of teleportation
     0 | D:1      | Reached XP level 1. HP: 12/12 MP: 2/2
    60 | D:1      | Slain by a bat

Illustrated notes

Levels and vault maps discovered:
D:1:      ebering_hopf_link, layout_rooms, dreamdust_ecumenical_altar_statues

Action                   || total
-------------------------++-------
Melee: Unarmed           ||     9
       Bite              ||     2
Armor: Skin              ||     4
Dodge: Dodged            ||    28
